 Dungeon Crawl Stone Soup version 0.29-a0-542-g075992c915 (webtiles) character file.

Game seed: 7923011826330715870

1 oldriver the Sneak (level 1, -3/19 HPs)
             Began as a Palentonga Delver on June 4, 2022.
             Slain by a phantom (5 damage)
             ... on level 5 of the Dungeon.
             The game lasted 00:00:16 (51 turns).

oldriver the Sneak (Palentonga Delver)                Turns: 51, Time: 00:00:16

Health: -3/19      AC:  4    Str: 15    XL:     1   Next: 16%
Magic:  1/1        EV:  9    Int: 10    God:
Gold:   14         SH:  0    Dex: 11    Spells: 0/0 levels left

rFire   . . .      SeeInvis +   a - +0 hand axe
rCold   . . .      Faith    .   (no shield)
rNeg    . . .      Spirit   .   b - +0 leather armour
rPois   .          Reflect  .   (no helmet)
rElec   .          Harm     .   (no cloak)
rCorr   .          Rampage  .   (no gloves)
Will    .....                   (no barding)
Stlth   ++........              (no amulet)
HPRegen 0.06/turn               (no ring)
MPRegen 0.07/turn               (no ring)

@: no status effects
A: large, rugged brown scales 3, see invisible, deformed body, roll 1, armoured
tail
a: Rolling Charge


You were on level 5 of the Dungeon.
You visited 1 branch of the dungeon, and saw 1 of its levels.

You collected 14 gold pieces.

Inventory:

Hand Weapons
 a - a +0 hand axe (weapon)
Armour
 b - a +0 leather armour (worn)
Wands
 g - a wand of digging (3)
Scrolls
 c - a scroll of fog
 d - a scroll of magic mapping
Potions
 f - a potion of haste


   Skills:
 + Level 3.0 Fighting
 + Level 2.0 Axes
 + Level 1.6 Dodging
 + Level 3.3 Stealth


You couldn't memorise any spells.
You didn't know any spells.
Your spell library was empty.

Dungeon Overview and Level Annotations

Branches:
Dungeon (5/15)
 Temple: D:4-7

Altars:


Innate Abilities, Weirdness & Mutations

You are completely covered in rugged brown scales. (AC +3, +7% HP)
You have supernaturally acute eyesight. (SInv)
Armour fits poorly on your strangely shaped body.
You can roll at nearby foes to attack.
You have a long armoured tail.


Message History

The iguana hisses angrily.
The scorpion looks frightened!
You hear a shout!
An adder comes into view.
A shadow imp comes into view.
A gnoll shaman comes into view. It is wielding a +0 club.
An iguana comes into view.
The phantom attacks as you move away! The phantom closely misses you.
The phantom attacks as you move away! The phantom closely misses you.
A black bear comes into view.
The phantom closely misses you.
The phantom hits you but does no damage.
An adder comes into view.
The phantom attacks as you move away! The phantom hits you.
Found a scale mail.
The adder hisses angrily.
The adder completely misses you.
You barely miss the adder. You hit the phantom but do no damage.
The adder bites you but does no damage. The phantom closely misses you.
The adder barely misses you.
You hit the adder but do no damage. You barely miss the phantom.
The adder barely misses you. The phantom closely misses you.
The adder bites you.
You are poisoned.
The adder poisons you!
You hit the adder. Your punch misses the adder.
The adder is lightly wounded.
You closely miss the phantom.
You feel sick. The phantom hits you.
The phantom blinks!
You blink.
The phantom hits you but does no damage.
The phantom attacks as you move away! The phantom hits you.
You feel sick.
You feel sick.
You see here a +0 scale mail.
You feel sick.
You are no longer poisoned.
The phantom attacks as you move away! The phantom closely misses you.
You hear the slow rusting of a very distant drain.
The phantom attacks as you move away! The phantom hits you.
* * * LOW HITPOINT WARNING * * *
The phantom attacks as you move away! The phantom hits you.
You die...

#######################
.........s[.gS.W@.....#
#####################.#
# ...h. ..... .....
..... .....


You could see a phantom, a gnoll shaman, a scorpion and an adder.

Vanquished Creatures
  A quokka (D:5)
1 creature vanquished.

Notes
Turn   | Place    | Note
-------+----------+-------------------------------------------
     0 | D:5      | oldriver the Palentonga Delver began the quest for the Orb.
     0 | D:5      | Reached XP level 1. HP: 19/19 MP: 1/1
    16 | D:5      | Noticed a scorpion
    20 | D:5      | Noticed a phantom
    21 | D:5      | Noticed a necrophage
    21 | D:5      | Noticed a scorpion
    21 | D:5      | Noticed an iguana
    22 | D:5      | Noticed a gnoll shaman
    22 | D:5      | Noticed an iguana
    27 | D:5      | Noticed a black bear
    51 | D:5      | Slain by a phantom

Illustrated notes

Levels and vault maps discovered:
D:5:      layout_basic, cheibrodos_sewer_entry_bend, minmay_circle_x, uniq_pikel

Action                   || total
-------------------------++-------
Melee: Hand axe          ||     5
  Use: Scroll            ||     1
Armor: Leather armour    ||     3
Dodge: Dodged            ||    10

Table legend: (Time is in decaauts)
 A = Elapsed time spent in this place.
 B = Non-inter-level travel time spent in this place.
 C = Inter-level travel time spent in this place.
 D = Time resting spent in this place.
 E = Time spent auto-exploring this place.
 F = Levels seen in this place.
 G = Mean time per level.
                   A        B        C        D        E       F      G
               +--------+--------+--------+--------+--------+-----+--------+
         Total |     52 |     52 |      0 |      0 |      0 |   1 |   52.0 |
       Dungeon |     52 |     52 |      0 |      0 |      0 |   1 |   52.0 |
               +--------+--------+--------+--------+--------+-----+--------+

Top non-repeatable levels by time:
     D:5: 52 daAuts
